 Dungeon Crawl Stone Soup version 0.21-a0-404-g291f19a (webtiles) character file.

49 Shymer the Grave Robber (level 3, -2/26 HPs)
             Began as a Ghoul Necromancer on Oct 27, 2017.
             Slain by an adder (5 damage)
             ... on level 3 of the Dungeon on Oct 28, 2017.
             The game lasted 00:21:24 (2268 turns).

Shymer the Grave Robber (Ghoul Necromancer)         Turns: 2268, Time: 00:21:25

Health: -2/26      AC:  3    Str: 16    XL:     3   Next: 75%
Magic:  3/4        EV: 12    Int: 11    God:
Gold:   76         SH:  0    Dex:  9    Spells: 4/5 levels left

rFire    . . .     SeeInvis .   c - +0 short sword
rCold    + + .     Gourm    .   (no shield)
rNeg     + + +     Faith    .   a - +0 robe
rPois    ∞         Spirit   .   (no helmet)
rElec    .         Reflect  .   (no cloak)
rCorr    .         Harm     .   (no gloves)
MR       .....                  h - +0 pair of boots (curse)
Stlth    ++........             (no amulet)
HPRegen  0.00/turn              m - +5 ring of strength
MPRegen  0.09/turn              n - ring of protection from cold

@: rotting
A: rotting body, claws 1, carnivore 3, cold resistance 1, negative energy
resistance 3, inhibited regeneration, torment resistance, unbreathing
a: no special abilities


You were on level 3 of the Dungeon.
You were not hungry.

You visited 1 branch of the dungeon, and saw 3 of its levels.

You collected 76 gold pieces.

Inventory:

Hand Weapons
 c - a +0 short sword (weapon)
 j - a +0 short sword
 k - a +0 short sword
 o - a +0 hunting sling
 p - a +0 blowgun
 t - a +0 war axe
Missiles
 d - 44 arrows
 e - 35 stones (quivered)
Armour
 a - a +0 robe (worn)
 g - a +0 chain mail
 h - a cursed +0 pair of boots (worn)
 l - a +0 shield
Jewellery
 m - a +5 ring of strength (left claw)
 n - a ring of protection from cold (right claw)
Scrolls
 i - a scroll of teleportation {unknown}
Potions
 f - a potion of resistance
 r - a potion of lignification {unknown}
 s - a potion of brilliance {unknown}
Books
 b - a book of Necromancy

   Spells                             Type                      Level
   a - Pain                           Necromancy                   1
   b - Animate Skeleton               Necromancy                   1
   c - Vampiric Draining              Necromancy                   3
   d - Regeneration                   Charms/Necromancy            3
   e - Animate Dead                   Necromancy                   4
   f - Control Undead                 Necromancy                   4


   Skills:
 - Level 1.7 Dodging
 - Level 2.1 Stealth
 - Level 1.7 Spellcasting
 + Level 5.3 Necromancy


You had 4 spell levels left.
You knew the following spells:

 Your Spells              Type           Power        Failure   Level  Hunger
a - Pain                  Necr           ##..         3%          1    ##.....


Dungeon Overview and Level Annotations

Branches:
Dungeon (3/15)

Altars:
Cheibriados


Innate Abilities, Weirdness & Mutations

Your body is rotting away.
You thrive on raw meat.
You are immune to poison.
You have sharp fingernails.
You are carnivorous and can eat meat at any time.
Your flesh is cold resistant. (rC+)
You are immune to negative energy. (rN+++)
You do not regenerate when monsters are visible.
You are immune to unholy pain and torment.
You can survive without breathing.


Message History

You see here 4 fruits.
The adder closely misses you.
Okay, then.
The adder misses you.
You see here a poisoned needle.
You see here 5 poisoned needles.
The adder bites you.
* * * LOW HITPOINT WARNING * * *
You see here a poisoned needle.
You see here a bat corpse.
Wield which item (- for none, * to show all)? (? for menu, Esc to quit)
c - a +0 short sword (weapon)
The adder completely misses you.
You barely miss the adder.
The adder is moderately wounded.
The adder misses you.
You miss the adder.
The adder is moderately wounded.
The adder closely misses you. The adder bites you.
You die...

#### ## #...###########
####.
#.......%....########....
###..#######....##....##.
##..# ##.......#####.
.#####(#####....#.........
.....#(##......########.%.
#...(..###.## #######.
#..#..S@..#.# #.......
#.####....#.# ...####.#
... ###...... #######..
### ##..#........... ..#
####.... ## #..#.
..#######[.##
#............ ####..÷...##


You could see an adder.

Vanquished Creatures
  An adder (D:2)
  A gnoll (D:2)
  An ooze (D:2)
  A worm (D:2)
  3 dart slugs
  A hobgoblin (D:2)
  3 bats
  3 goblins
  3 kobolds
  5 rats
22 creatures vanquished.

Notes
Turn   | Place    | Note
-------+----------+-------------------------------------------
     0 | D:1      | Shymer the Ghoul Necromancer began the quest for the Orb.
     0 | D:1      | Reached XP level 1. HP: 14/14 MP: 2/2
   607 | D:1      | Reached XP level 2. HP: 18/20 MP: 0/3
  1831 | D:2      | Reached skill level 5 in Necromancy
  1831 | D:2      | Reached XP level 3. HP: 11/25 MP: 1/4
  1993 | D:3      | Found a snail-covered altar of Cheibriados.
  2268 | D:3      | Slain by an adder

Vault maps used:
D:1:      sevenhm_arrival_forest_fort_small_3
D:3:      first_bread, serial_bayou_pond_b, grunt_decor_one_mirror,
          cheibriados_altar_1, uniq_natasha

Skill      XL: |  1  2 |
---------------+-------+-----
Necromancy     | 5 |  5.3
Dodging        | |  1.7
Stealth        | |  2.1
Spellcasting   | |  1.7

Action                   || total
-------------------------++-------
Melee: Short sword       ||    40
       Unarmed           ||     5
 Fire: Hunting sling     ||     2
       Blowgun           ||     9
 Cast: Pain              ||    45
  Use: Scroll            ||     9
       Potion            ||     5
 Stab: Sleeping          ||     1
  Eat: Chunk             ||    12
       Meat ration       ||     2
Armor: Robe              ||     7
Dodge: Dodged            ||    44

Table legend:
 A = Spawn XP
 B = Non-spawn XP
 C = Spawn XP percentage of total XP
 D = Spawn monster count
 E = Non-spawn monster count
 F = Spawn count percentage of total count
 G = Total turns spent on level
                    A         B        C        D         E        F      G
               +---------+---------+-------+---------+---------+-------+---------
         Total |       0 |      70 |   0.0 |       0 |      22 |   0.0 |  2268
               +---------+---------+-------+---------+---------+-------+---------
           D:1 |       0 |      12 |   0.0 |       0 |       6 |   0.0 |  1197
           D:2 |       0 |      50 |   0.0 |       0 |      10 |   0.0 |   796
           D:3 |       0 |       8 |   0.0 |       0 |       6 |   0.0 |   275
               +---------+---------+-------+---------+---------+-------+---------
